 Dungeon Crawl Stone Soup version 0.26-a0-996-g6b303dbc09 (webtiles) character file.

Game seed: 7125727118039092137

166712 ANON1729 the Martial Artist (level 17, -7/143 HPs)
             Began as a Purple Draconian Transmuter on Dec 6, 2020.
             Was the Champion of Fedhas.
             Mangled by a guardian serpent (13 damage)
             ... on level 1 of the Snake Pit.
             The game lasted 01:42:41 (34332 turns).

ANON1729 the Martial Artist (DrTm)                 Turns: 34332, Time: 01:42:41

Health: -7/143     AC: 15    Str: 13    XL:     17   Next: 30%
Magic:  29/32      EV: 15    Int: 18    God:    Fedhas [******]
Gold:   2140       SH:  0    Dex: 14    Spells: 17/38 levels left

rFire    + . .     SeeInvis +     - Unarmed
rCold    + + .     Faith    .   (shield currently unavailable)
rNeg     . . .     Spirit   .   (armour unavailable)
rPois    +         Reflect  .   H - +2 hat
rElec    +         Harm     .   r - +2 cloak of the Armoured One {rElec rC+}
rCorr    .         Rampage  .   (gloves currently unavailable)
MR       ++...                  j - +0 pair of boots
Stlth    +.........             i - amulet of regeneration
HPRegen  0.73/turn              M - ring of Midwinter {+Inv rF+ rC+ SInv}
MPRegen  0.23/turn              D - ring of poison resistance

@: lethally poisoned (-7 -> -8), blade hands, constricted, studying Fire Magic
A: breathe power, unfitting armour, cold-blooded, AC +9
a: Breathe Dispelling Energy, End Transformation, Wall of Briars, Grow
Ballistomycete, Overgrow, Grow Oklob, Renounce Religion, Evoke Invisibility


You were on level 1 of the Snake Pit.
You worshipped Fedhas.
Fedhas was exalted by your worship.
You had blades for hands.
You visited 7 branches of the dungeon, and saw 28 of its levels.
You also visited: Bailey and Gauntlet.

You collected 3902 gold pieces.
You spent 1762 gold pieces at shops.

Inventory:

Hand Weapons
 q - the +11 demon whip of Devotion {freeze, Fragile rElec rN+ Dex+8}
   (You acquired it on level 13 of the Dungeon)

   It has been specially enchanted to freeze those struck by it, causing extra
   injury to most foes and up to half again as much damage against particularly
   susceptible opponents.
   It can also slow down cold-blooded creatures.
   It affects your dexterity (+8).
   It insulates you from electricity.
   It protects you from negative energy.
   It will be destroyed if unequipped.
 J - the +9 dagger "Zeimutt" {protect, +Blink}
   (You bought it in a shop on level 2 of the Orcish Mines)

   It grants its wielder temporary protection when it strikes (+7 to AC).
   It lets you blink.
Missiles
 m - 4 curare-tipped darts (quivered)
Armour
 b - the +0 pair of gloves of the Frog (melded) {Rampage Int+2 SInv}
   (You found it in a Gauntlet)

   It affects your intelligence (+2).
   It lets you see invisible.
   It bestows one free step when moving towards enemies.
 j - a +0 pair of boots (worn)
 r - the +2 cloak of the Armoured One (worn) {rElec rC+}
   (You found it on level 9 of the Dungeon)

   It protects you from cold.
   It insulates you from electricity.
 H - a +2 hat (worn)
Jewellery
 e - an uncursed amulet of faith
 i - an amulet of regeneration (around neck)
 A - a +4 ring of protection
 D - a ring of poison resistance (right scythe-like blade)
 F - an uncursed ring of flight
 K - an uncursed ring of protection from cold
 L - an uncursed ring of protection from fire
 M - the ring of Midwinter (left scythe-like blade) {+Inv rF+ rC+ SInv}
   (You bought it in a shop on level 2 of the Orcish Mines)

   [ring of see invisible]

   It protects you from fire.
   It protects you from cold.
   It lets you see invisible.
   It lets you turn invisible.
 U - an uncursed ring of resist corrosion
Wands
 S - a wand of digging (16)
 W - a wand of polymorph (25)
 X - a wand of flame (23)
 Y - a wand of iceblast (17)
Scrolls
 a - 4 scrolls of amnesia
 d - 4 scrolls of fear
 h - 7 scrolls of remove curse
 l - 8 scrolls of enchant weapon
 p - 2 scrolls of fog
 v - a scroll of magic mapping
 y - 7 scrolls of teleportation
 E - 8 scrolls of enchant armour
 G - 3 scrolls of vulnerability
 O - a scroll of blinking
 P - 2 scrolls of summoning
 Q - a scroll of brand weapon
 R - 2 scrolls of holy word
 V - 5 scrolls of immolation
Potions
 c - 5 potions of resistance
 f - 7 potions of flight
 k - 9 potions of curing
 n - 2 potions of mutation
 o - 9 potions of attraction
 s - 11 potions of might
 t - 2 potions of ambrosia
 u - 4 potions of heal wounds
 w - 5 potions of magic
 z - a potion of berserk rage {unknown}
 B - a potion of cancellation
 C - 4 potions of brilliance
 I - 3 potions of haste
 N - 4 potions of lignification
Books
 g - a manual of Fire Magic
Miscellaneous
 x - a lightning rod (3/4)
 T - a box of beasts (inert)


   Skills:
 + Level 10.9 Fighting
 + Level 9.4 Dodging
 * Level 14.7 Unarmed Combat
 + Level 11.1 Spellcasting
 * Level 13.7 Transmutations
 + Level 9.2 Fire Magic
 + Level 6.4 Poison Magic
 * Level 13.7 Invocations


You had 17 spell levels left.
You knew the following spells:

 Your Spells              Type           Power        Failure   Level
a - Beastly Appendage     Tmut           ######       4%          1
b - Wereblood             Tmut           ######..     5%          2
c - Spider Form           Tmut/Pois      #####.....   11%         3
d - Blade Hands           Tmut           ######....   13%         5
e - Ignite Poison         Fire/Tmut/Pois #####...     11%         3
f - Ice Form              Ice/Tmut       ####....     30%         4
g - Mephitic Cloud        Conj/Pois/Air  ###.....     43%         3

Your spell library contained the following spells:

 Spells                   Type           Power        Failure   Level
 Conjure Flame            Conj/Fire      ####....     26%         3
 Inner Flame              Hex/Fire       ####....     26%         3
 Animate Skeleton         Necr           ##....       38%         1
 Corona                   Hex            ##.....      38%         1
 Magic Dart               Conj           ##..         38%         1
 Pain                     Necr           ##..         38%         1
 Blink                    Tloc           N/A          47%         2
 Call Imp                 Summ           ##......     47%         2
 Ensorcelled Hibernation  Hex/Ice        ##....       47%         2
 Slow                     Hex            ##......     47%         2
 Confusing Touch          Hex            ##......     65%         3
 Dazzling Flash           Conj/Hex       ##....       65%         3
 Portal Projectile        Hex/Tloc       ##....       65%         3
 Tukima's Dance           Hex            ##......     65%         3
 Vampiric Draining        Necr           ##........   65%         3
 Fireball                 Conj/Fire      ####......   73%         5
 Bolt of Magma            Conj/Fire/Erth ###.......   87%         5
 Animate Dead             Necr           ##........   90%         4
 Cause Fear               Hex            ##........   90%         4
 Leda's Liquefaction      Hex/Erth       ##........   90%         4
 Agony                    Necr           ##......     99%         5
 Borgnjor's Vile Clutch   Necr/Erth      ##........   99%         5
 Iskenderun's Battlesphe  Conj           ##......     99%         5
 Starburst                Conj/Fire      ####......   99%         6
 Death Channel            Necr           ##........   100%        6
 Iron Shot                Conj/Erth      ##........   100%        6
 Simulacrum               Ice/Necr       ##........   100%        6
 Orb of Destruction       Conj           ##........   100%        7
 Spellforged Servitor     Conj/Summ      ##........   100%        7
 Ignition                 Fire           #####.....   100%        8


Dungeon Overview and Level Annotations

Branches:
Dungeon (15/15)            Temple (1/1) D:6            Lair (6/6) D:8
  Swamp (1/4) Lair:3        Snake (2/4) Lair:2        Slime (0/5) Lair:5
    Orc (2/2) D:10            Elf (1/3) Orc:2        Vaults (0/5) D:14
 Depths (0/5) D:15         Bailey (visited)         Gauntlet (visited)

Altars:
Ashenzari
Cheibriados
Dithmenos
Elyvilon
Fedhas
Gozag
Hepliaklqana
Kikubaaqudgha
Makhleb
Nemelex Xobeh
Okawaru
Qazlal
Ru
Sif Muna
Trog
Uskayaw
Vehumet
Wu Jian
Xom
Yredelemnul
Zin
The Shining One
Beogh

Shops:
D:10 (   D:15 *(!   Orc:2 =[(

Annotations:
D:9 exclusion: downstairs
D:15 2 runed translucent doors, PanSaczeczos's ghost, adept KoBr
Lair:5 exclusion: downstairs


Innate Abilities, Weirdness & Mutations

You can breathe bolts of dispelling energy.
Your rich purple scales are hard. (AC +9)
You cannot fit into any form of body armour.
You are cold-blooded and may be slowed by cold attacks.


Message History

The guardian serpent casts a spell at you.
The naga warrior blinks!
The naga blinks!
The naga warrior blinks!
The naga warrior hits you with a +1 vorpal halberd!
The naga warrior grabs you. The naga warrior constricts you.
The naga warrior barely misses you.
The naga warrior's grasp on you weakens, but your attempt to escape fails.
You feel sick.
The guardian serpent hits you but does no damage.
The naga hits you with a +0 scimitar!
The naga warrior hits you with a +1 vorpal halberd!!
* * * LOW HITPOINT WARNING * * *
x2 The naga warrior constricts you.
You escape the naga warrior's grasp.
The naga warrior hits you with a +0 halberd!
* * * LOW HITPOINT WARNING * * *
The naga warrior grabs you.
* * * LOW HITPOINT WARNING * * *
The naga warrior constricts you. The guardian serpent hits you!
You die...
Fedhas appreciates your contribution to the ecosystem.

.................................
.?...##..........######..........
....####.....##### ########...
.#...##..........#########.8.###.
.#..............[§....##..(....##
###......#####..>....##..).8....#
####....#####..[....##...#####...
...###.####.....SN.##...## ##..
....######..[..N@N.#...#########.
...#.####........###...###...###.
...##.##.........+...............
.#...............#8.....8.)>..8..
.#..###..)###....+...............
##.##∩##.##∩##...###...###...###.
#.#...#.#...#.....#...#########.
#.#...#)#...#.....##...## ##..
#.#...).)...#......##...#####...


You could see 2 naga warriors, a guardian serpent and a naga.

Vanquished Creatures
  Gastronok (Lair:2)
  2 nagarajas
  2 orc warlords
  Aizul (Snake:1)
  A minotaur (Gauntlet)
  An ettin (Orc:2)
  2 green deaths (Snake:1)
  3 fire dragons
  4 boulder beetles
  7 hydras
  A merfolk avatar (Lair:6)
  A ghost crab (Gauntlet)
  9 two-headed ogres
  2 anacondas
  2 naga warriors (Snake:1)
  2 catoblepae
  2 centaur warriors
  An ogre mage (D:14)
  3 orc high priests (Orc:2)
  3 tengu warriors
  The ghost of twist the Martial Artist, a novice GnTm of Cheibriados (D:9)
  3 naga sharpshooters (Snake:1)
  Urug (Lair:6)
  A soul eater (Gauntlet)
  2 salamander mystics (Snake:1)
  An unseen horror (D:12)
  3 bog bodies (Lair:3)
  A wizard (D:15)
  A deep troll (D:14)
  A phantasmal warrior (D:14)
  4 naga ritualists (Snake:1)
  A lindwurm (Lair:6)
  5 orc knights
  A mana viper (Snake:1)
  A wolf spider (D:13)
  4 salamanders
  A wolf spider zombie (D:15)
  4 deep elf magi
  4 cyclopes
  6 orc sorcerers
  8 manticores
  A moth of wrath (D:9)
  6 ugly things
  9 elephants
  4 naga magi
  A guardian serpent (Snake:1)
  3 centaur zombies
  4 molten gargoyles
  15 black mambas
  2 gargoyles
  13 cane toads
  10 rime drakes
  13 komodo dragons
  4 tengu conjurers
  4 hornets
  11 trolls
  3 polar bears
  Prince Ribbit (D:6)
  5 dream sheep
  20 blink frogs
  A meliai zombie (D:14)
  A vampire (D:10)
  A wraith (D:11)
  12 wyverns
  4 basilisks
  51 yaks
  5 fire bats (D:10)
  6 vampire mosquitoes
  2 swamp worms (Lair:3)
  9 wargs
  5 soldier ants
  13 nagas
  2 acid dragons
  7 water moccasins
  2 hell hounds (Lair:6)
  6 ice beasts
  48 orc warriors
  3 black bears
  17 ogres
  3 phantoms
  2 necrophages
  2 eyes of draining
  2 hornet zombies (D:13)
  9 centaurs
  9 wolves
  A big kobold (D:14)
  23 bullfrogs
  A wyvern skeleton (D:11)
  15 killer bees
  A scorpion (D:4)
  4 howler monkeys
  The ghost of Morbidden the Conjurer, a weakling DsCj (D:4)
  An electric eel (Lair:3)
  2 bullfrog zombies
  5 lava snakes (Lair:4)
  8 hounds
  2 quasits
  4 jellies
  26 orc wizards
  A bullfrog skeleton (D:8)
  26 orc priests
  3 centaur skeletons
  5 iguanas
  4 hell rats (Lair:6)
  6 worker ants
  2 worker ant zombies
  9 gnolls (Bailey)
  8 adders
  5 shadow imps
  A white imp (D:7)
  3 ufetubi
  An ooze (D:2)
  An adder skeleton (D:7)
  3 worms (D:2)
  2 dart slugs
  3 leopard geckos
  122 orcs
  3 bats
  3 giant cockroaches (D:2)
  24 goblins
  20 hobgoblins
  12 jackals
  7 quokkas
  9 frilled lizards
  A jackal skeleton (D:6)
  13 kobolds
  A leopard gecko skeleton (D:4)
  3 leopard gecko zombies
  A quokka skeleton (D:7)
  12 rats
  A ballistomycete spore (Bailey)
864 creatures vanquished.

Vanquished Creatures (collateral kills)
  A hydra (Lair:5)
  A tengu warrior (D:13)
  2 naga sharpshooters (Snake:1)
  2 unseen horrors (D:13)
  A rime drake (Lair:6)
  A blink frog (Lair:5)
  A vampire mosquito (D:13)
  A naga (Snake:1)
  A soldier ant (D:13)
  An ogre (D:10)
  A centaur (D:10)
  A killer bee (D:9)
  35 ballistomycete spores
49 creatures vanquished.

Vanquished Creatures (others)
  A bloated husk (Swamp:1)
  2 ballistomycete spores
  60 fungi
  92 plants
155 creatures vanquished.

Grand Total: 1068 creatures vanquished

Notes
Turn   | Place    | Note
-------+----------+-------------------------------------------
     0 | D:1      | ANON1729 the Draconian Transmuter began the quest for the
                  | Orb.
     0 | D:1      | Reached XP level 1. HP: 16/16 MP: 3/3
   357 | D:1      | Reached XP level 2. HP: 19/23 MP: 5/5
  1563 | D:2      | Reached XP level 3. HP: 29/29 MP: 6/6
  2058 | D:2      | Reached XP level 4. HP: 22/36 MP: 7/7
  2661 | D:4      | Found a runed translucent gate.
  2661 | D:4      | Found a runed translucent gate.
  2900 | D:4      | Reached XP level 5. HP: 38/41 MP: 9/9
  2921 | D:4      | Noticed an ogre
  2925 | D:4      | Killed an ogre
  2926 | D:4      | Reached skill level 4 in Unarmed Combat
  3006 | D:4      | Noticed a two-headed ogre
  3007 | D:4      | Noticed Morbidden's ghost (weakling DsCj)
  3008 | D:4      | Found a runed translucent gate.
  3059 | D:4      | Reached XP level 6. HP: 37/50 MP: 10/10
  3366 | D:5      | Entered Level 5 of the Dungeon
  3717 | D:5      | Learned a level 2 spell: Wereblood
  3721 | D:5      | Learned a level 3 spell: Spider Form
  3927 | D:5      | Reached skill level 5 in Unarmed Combat
  3927 | D:5      | Your scales start taking on a rich purple colour.
  3927 | D:5      | Reached XP level 7. HP: 18/57 MP: 13/13
  4718 | D:6      | Noticed Prince Ribbit
  4912 | D:6      | Killed Prince Ribbit
  4913 | D:6      | Reached skill level 5 in Transmutations
  4913 | D:6      | Reached XP level 8. HP: 36/66 MP: 11/14
  5076 | D:6      | Reached skill level 6 in Unarmed Combat
  5198 | D:6      | Found a staircase to the Ecumenical Temple.
  5481 | Temple   | Entered the Ecumenical Temple
  5764 | Temple   | Became a worshipper of Fedhas Madash
  5897 | D:6      | Learned a level 5 spell: Blade Hands
  5988 | D:7      | Reached skill level 1 in Invocations
  5995 | D:7      | Reached skill level 5 in Spellcasting
  6036 | D:7      | Found an iron altar of Okawaru.
  6623 | D:8      | Reached * piety under Fedhas
  6711 | D:7      | Reached XP level 9. HP: 25/72 MP: 14/16
  6927 | D:8      | Found a staircase to the Lair.
  6997 | D:8      | Reached skill level 7 in Unarmed Combat
  7052 | D:8      | Found a sacrificial altar of Ru.
  7135 | D:8      | Reached skill level 5 in Fighting
  7197 | D:8      | Found the +3 salamander hide armour {Flames rF++ rC--}
  7197 | D:8      | Noticed a deep elf mage
  7332 | D:9      | Found a flagged portal.
  7355 | D:9      | Noticed a troll
  7383 | D:8      | HP: 1/74 [bullfrog (6)]
  7515 | D:9      | Killed a troll
  7607 | Bailey   | Entered a bailey
  7682 | Bailey   | Reached ** piety under Fedhas
  7902 | Bailey   | Noticed an orc knight
  7968 | Bailey   | Killed an orc knight
  7969 | Bailey   | Reached skill level 5 in Invocations
  8071 | Bailey   | Reached skill level 5 in Dodging
  8071 | Bailey   | Reached XP level 10. HP: 83/83 MP: 13/19
  8190 | Bailey   | Reached skill level 8 in Unarmed Combat
  8231 | Bailey   | Noticed an orc warlord
  8234 | Bailey   | Noticed an orc knight
  8240 | Bailey   | Reached *** piety under Fedhas
  8253 | Bailey   | Killed an orc warlord
  8448 | Bailey   | Killed an orc knight
  8915 | D:9      | Found a white marble altar of Elyvilon.
  9256 | D:9      | Noticed a moth of wrath
  9325 | D:9      | Found a transporter.
  9327 | D:9      | Noticed twist's ghost (novice GnTm)
  9373 | D:9      | Found a transporter.
  9523 | D:10     | Entered Level 10 of the Dungeon
  9529 | D:10     | Noticed a fire dragon
  9530 | D:10     | Found the +7 great mace "Firestarter" {inner flame, rF++}
  9867 | D:10     | Found a staircase to the Orcish Mines.
  9949 | D:10     | Reached skill level 9 in Unarmed Combat
 10102 | D:10     | Reached XP level 11. HP: 82/91 MP: 17/21
 10248 | D:10     | Found Mesau's Weapon Boutique.
 10528 | D:10     | Reached **** piety under Fedhas
 10541 | D:10     | Killed a fire dragon
 10928 | D:11     | Noticed a two-headed ogre
 10936 | D:11     | Killed a two-headed ogre
 11579 | D:11     | You fall into a shaft and drop 3 floors!
 11590 | D:14     | Reached skill level 10 in Unarmed Combat
 11874 | D:13     | Noticed a boulder beetle
 12000 | D:12     | Noticed a two-headed ogre
 12051 | D:12     | Reached ***** piety under Fedhas
 12303 | D:11     | Noticed a purple ugly thing
 12314 | D:11     | Killed a purple ugly thing
 12443 | D:11     | Reached XP level 12. HP: 100/100 MP: 23/23
 13144 | D:12     | Reached skill level 10 in Transmutations
 13433 | D:12     | Killed a two-headed ogre
 14112 | D:13     | Noticed a two-headed ogre
 14117 | D:13     | Killed a two-headed ogre
 14423 | D:13     | Noticed a fire dragon
 14423 | D:13     | Noticed a six-headed hydra
 14423 | D:13     | Noticed a tengu warrior
 14447 | D:13     | Killed a fire dragon
 14458 | D:13     | Killed a tengu warrior
 14468 | D:13     | Killed a six-headed hydra
 14491 | D:13     | Killed a boulder beetle
 14492 | D:13     | Reached skill level 11 in Unarmed Combat
 14492 | D:13     | Reached skill level 10 in Invocations
 14597 | D:13     | Noticed an eight-headed hydra
 14853 | D:13     | Learned a level 3 spell: Ignite Poison
 15079 | D:13     | Killed an eight-headed hydra
 15080 | D:13     | Reached skill level 1 in Fire Magic
 15080 | D:13     | Reached XP level 13. HP: 43/108 MP: 25/25
 15460 | D:13     | Identified a scroll of acquirement
 15587 | D:13     | Reached skill level 1 in Poison Magic
 17046 | D:14     | Found a gate to the Vaults.
 17264 | D:15     | Entered Level 15 of the Dungeon
 17463 | D:15     | Noticed a fire dragon
 17484 | D:15     | Killed a fire dragon
 18864 | D:15     | Found Ledesuw's Assorted Antiques.
 18867 | D:15     | Bought a viscous dark potion for 17 gold pieces
 18867 | D:15     | Bought a scroll of fear for 66 gold pieces
 18867 | D:15     | Bought a coppery potion for 17 gold pieces
 18937 | D:15     | Reached XP level 14. HP: 95/118 MP: 27/27
 18972 | D:15     | Found Jopeb's Weapon Boutique.
 19019 | D:15     | Found a runed translucent door.
 19020 | D:15     | Found a runed translucent door.
 19021 | D:15     | Noticed a lich
 19021 | D:15     | Noticed PanSaczeczos's ghost (adept KoBr)
 19107 | D:15     | Found Extoreull's Distillery.
 19115 | D:15     | Bought a potion of lignification for 48 gold pieces
 19115 | D:15     | Bought a potion of magic for 128 gold pieces
 19135 | D:15     | Reached skill level 12 in Unarmed Combat
 19167 | D:15     | Found a staircase to the Depths.
 19597 | D:4      | Killed Morbidden's ghost
 20064 | Lair:1   | Entered Level 1 of the Lair of Beasts
 20125 | Lair:1   | Reached skill level 5 in Fire Magic
 20686 | Lair:1   | Learned a level 4 spell: Ice Form
 21444 | Lair:2   | Noticed Gastronok
 21462 | Lair:2   | Killed Gastronok
 21662 | Lair:2   | Found a staircase to the Snake Pit.
 23297 | Lair:3   | Found a staircase to the Swamp.
 23534 | Lair:4   | Reached ****** piety under Fedhas
 24767 | Lair:5   | Reached skill level 10 in Spellcasting
 24902 | Lair:5   | Found a staircase to the Slime Pits.
 25193 | Lair:4   | Learned a level 3 spell: Mephitic Cloud
 26130 | Lair:6   | Entered Level 6 of the Lair of Beasts
 26130 | Lair:6   | Found a gate leading to a gauntlet.
 26239 | Lair:6   | Reached skill level 10 in Fighting
 26319 | Gauntlet | Entered a Gauntlet
 26319 | Gauntlet | Found a transporter.
 26319 | Gauntlet | Found a transporter.
 26319 | Gauntlet | Found a transporter.
 26320 | Gauntlet | Found a transporter.
 26323 | Gauntlet | Found a transporter.
 26323 | Gauntlet | Found a transporter.
 26362 | Gauntlet | Found a transporter.
 26366 | Gauntlet | Found a transporter.
 26376 | Gauntlet | Found a transporter.
 26393 | Gauntlet | Found a large runed translucent door.
 26394 | Gauntlet | Found a large runed translucent door.
 26395 | Gauntlet | Found a large runed translucent door.
 26395 | Gauntlet | Found a large runed translucent door.
 26396 | Gauntlet | Found a runed translucent gate.
 26397 | Gauntlet | Found a large runed translucent door.
 26397 | Gauntlet | Found a large runed translucent door.
 26397 | Gauntlet | Found a runed translucent door.
 26398 | Gauntlet | Found a large runed translucent door.
 26399 | Gauntlet | Found a large runed translucent door.
 26413 | Gauntlet | Found a transporter.
 26413 | Gauntlet | Found a transporter.
 26414 | Gauntlet | Found a runed translucent door.
 26415 | Gauntlet | Found a large runed translucent door.
 26415 | Gauntlet | Found a large runed translucent door.
 26415 | Gauntlet | Found a large runed translucent door.
 26415 | Gauntlet | Found a large runed translucent door.
 26417 | Gauntlet | Found a runed translucent gate.
 26417 | Gauntlet | Found a runed translucent gate.
 26419 | Gauntlet | Found a transporter.
 26429 | Gauntlet | Found a large runed translucent door.
 26430 | Gauntlet | Found a large runed translucent door.
 26439 | Gauntlet | Found a large runed translucent door.
 26439 | Gauntlet | Found a large runed translucent door.
 26518 | Gauntlet | Reached XP level 15. HP: 90/126 MP: 27/29
 26607 | Gauntlet | Got a pair of spiked gloves
 26618 | Gauntlet | Identified the +0 pair of gloves of the Frog {Rampage Int+2
                  | SInv} (You found it in a Gauntlet)
 26729 | Gauntlet | Identified the +8 broad axe "Gubam" {flame, *Drain rC++
                  | Dex+3}
 27117 | Lair:6   | Reached skill level 5 in Poison Magic
 27249 | Lair:6   | Reached skill level 13 in Unarmed Combat
 27460 | Lair:6   | Noticed Urug
 27476 | Lair:6   | Killed Urug
 27757 | Lair:4   | Got an ancient executioner's axe
 27779 | Lair:4   | Identified the cursed +1 executioner's axe "Widowmaker"
                  | {vorpal, *Slow rF+ Int+3} (You found it on level 4 of the
                  | Lair of Beasts)
 28429 | Lair:6   | Reached skill level 14 in Unarmed Combat
 28429 | Lair:6   | Reached XP level 16. HP: 135/135 MP: 30/30
 28914 | D:9      | Killed twist's ghost
 28945 | D:9      | Got a transparent cloak
 28950 | D:9      | Identified the +2 cloak of the Armoured One {rElec rC+}
                  | (You found it on level 9 of the Dungeon)
 29019 | D:9      | Acquired the +11 demon whip of Devotion {freeze, Fragile
                  | rElec rN+ Dex+8}
 29252 | Orc:1    | Entered Level 1 of the Orcish Mines
 29706 | Orc:2    | Entered Level 2 of the Orcish Mines
 30622 | Orc:2    | Found a roughly hewn altar of Beogh.
 30941 | Orc:2    | Found a roughly hewn altar of Beogh.
 31129 | Orc:2    | Found a roughly hewn altar of Beogh.
 31232 | Orc:2    | Found a staircase to the Elven Halls.
 31239 | Orc:2    | Found a roughly hewn altar of Beogh.
 31359 | Orc:2    | Found Nogy Pev's Antique Armour Shoppe.
 31360 | Orc:2    | Found a roughly hewn altar of Beogh.
 31376 | Orc:2    | Found Ivixzim's Antique Weapon Emporium.
 31405 | Orc:2    | Bought a dazzling dagger for 161 gold pieces
 31507 | Orc:2    | Found a roughly hewn altar of Beogh.
 31519 | Orc:2    | Found Rarhia's Distillery.
 31538 | Orc:2    | Bought a potion of curing for 36 gold pieces
 31538 | Orc:2    | Bought a potion of curing for 36 gold pieces
 31538 | Orc:2    | Bought a potion of heal wounds for 60 gold pieces
 31538 | Orc:2    | Bought a potion of brilliance for 48 gold pieces
 31538 | Orc:2    | Bought a potion of ambrosia for 96 gold pieces
 31538 | Orc:2    | Bought a potion of might for 48 gold pieces
 31538 | Orc:2    | Bought a potion of might for 48 gold pieces
 31538 | Orc:2    | Bought a potion of might for 48 gold pieces
 31538 | Orc:2    | Bought a potion of curing for 36 gold pieces
 31538 | Orc:2    | Bought a potion of might for 48 gold pieces
 31538 | Orc:2    | Bought a potion of attraction for 36 gold pieces
 31538 | Orc:2    | Bought 2 potions of attraction for 72 gold pieces
 31538 | Orc:2    | Bought a potion of attraction for 36 gold pieces
 31538 | Orc:2    | Bought a potion of degeneration for 12 gold pieces
 31624 | Orc:2    | Found a roughly hewn altar of Beogh.
 31712 | Orc:2    | Found a roughly hewn altar of Beogh.
 31760 | Orc:2    | Found a roughly hewn altar of Beogh.
 31790 | Orc:2    | Found Haran's Jewellery Boutique.
 31799 | Orc:2    | Bought the ring of Midwinter {+Inv rF+ rC+ SInv} for 602
                  | gold pieces
 31799 | Orc:2    | Bought a cursed ring of teleportation for 63 gold pieces
 31857 | Orc:2    | Identified the +9 dagger "Zeimutt" {protect, +Blink} (You
                  | bought it in a shop on level 2 of the Orcish Mines)
 31895 | Elf:1    | Entered Level 1 of the Elven Halls
 32150 | Swamp:1  | Entered Level 1 of the Swamp
 32271 | Snake:1  | Entered Level 1 of the Snake Pit
 32271 | Snake:1  | Noticed Aizul
 32283 | Snake:1  | Killed Aizul
 32580 | Snake:1  | Found a runed translucent door.
 33011 | Snake:1  | HP: 4/136 [naga sharpshooter/arrow (10)]
 33012 | Snake:1  | HP: 1/136 [poisoned by a naga (splash of poison)]
 33028 | Snake:1  | Reached XP level 17. HP: 62/141 MP: 24/31
 33367 | Snake:1  | Found a shimmering altar of Xom.
 34332 | Snake:1  | HP: 7/143 [naga warrior/+0 halberd (14)]
 34332 | Snake:1  | Mangled by a guardian serpent

Illustrated notes

Levels and vault maps discovered:
D:1:      scummos_arrival_checkerplants, layout_basic
D:2:      layout_basic, interstate_on_off, minmay_pentomino_r2
D:3:      layout_loops_cross
D:4:      layout_basic, gammafunk_ghost_split, minivault_14,
          roderic_serpentine_path
D:5:      layout_layer_cave
D:6:      layout_cave_pools, minmay_temple_entry_antechambers,
          uniq_prince_ribbit1
D:7:      layout_rooms, okawaru_ov_weapons_minmay
D:8:      layout_rooms, lemuel_coloured_pillars_altar, lair_entry_dummy,
          minivault_12
D:9:      layout_basic, gammafunk_ghost_berserking_beasts, enter_bailey_5,
          elyvilon_altar_3
D:10:     minmay_firetagon, layout_basic, orc_0_dummy, serial_shops, shop
D:11:     layout_irregular_city, minmay_tree_intersection
D:12:     layout_long_grid
D:13:     layout_loops_corners, minmay_misc_feat_hallway, grunt_ministairs_12,
          minmay_the_grid_square_5x5_3x3_mashed
          [minmay_the_grid_square_5x5_corner,
          minmay_the_grid_square_5x5_shuriken,
          minmay_the_grid_square_5x5_hourglass,
          minmay_the_grid_square_5x5_bridge,
          minmay_the_grid_square_5x5_megaprize_diamond,
          minmay_the_grid_square_5x5_pentomino_r,
          minmay_the_grid_square_5x5_one_wall,
          minmay_the_grid_square_5x5_spiral, minmay_the_grid_square_5x5_meh]
D:14:     layout_rooms, david_vaults_4, chequers_hall_statues_corner_a
D:15:     grunt_enter_depths_magical_seal, layout_loops_cross, serial_shops,
          shop, shop, shop, chequers_jeans, muffindrake_ghost_dual_entry
Temple:   regret_index_temple_sigil_plot
Lair:1:   layout_hall_layers
Lair:2:   layout_regular_city, guppyfry_snake_entry_garden, serial_forest,
          infiniplex_forest_lined_3, infiniplex_forest_clump_small,
          infiniplex_forest_split, infiniplex_forest_corner_1,
          infiniplex_forest_end_3, infiniplex_forest_side_room,
          infiniplex_forest_lined_room_2, infiniplex_forest_clump_curved,
          infiniplex_forest_lined_room_3, st_stairs_6, uniq_gastronok
Lair:3:   layout_regular_city, nicolae_swamp_entry_splash_gauntlet, st_stairs_10
Lair:4:   cheibrodos_magma_flow, layout_cave_pods, infiniplex_staircase_pool_2
Lair:5:   layout_loops_ring, minmay_slime_entry_oklob_open,
          minmay_lair_oklob_chamber, serial_bayou_shore_a
Lair:6:   gammafunk_lair_ancient_temple, layout_gridlike,
          gauntlet_entry_generic, special_room [special_room_mythical_zoo],
          uniq_urug
Swamp:1:  layout_falls_marsh, serial_swamp_ruin, evilmike_swamp_ruin_rubble_2,
          evilmike_swamp_ruin_house_5, evilmike_swamp_ruin_rubble_1
Snake:1:  cheibrodos_toxic_ritual, layout_grid_shapes, basic_altar,
          grunt_megastairs_5, uniq_aizul
Snake:2:  layout_basic, minmay_shop_star, grunt_megastairs_2
Orc:1:    layout_diamond_mine, mines5_lemuel
Orc:2:    grunt_orc_community_town_hall, layout_diamond_mine,
          grunt_orc_community_big_house_2, grunt_orc_community_big_house_2,
          grunt_orc_community_house_2, grunt_orc_community_house_1,
          grunt_orc_community_house_1, grunt_orc_community_house_2,
          grunt_orc_community_house_1, grunt_orc_community_house_2, basic_altar
Elf:1:    minmay_elf_arrival_plus, layout_loops_corners,
          ebering_ghost_disaster_area, serial_shops, shop,
          kennysheep_underground_church, minmay_elf_demonology

Skill      XL: |  1  2  3  4  5  6  7  8  9 10 11 12 13 14 15 16 17 |
---------------+----------------------------------------------------+-----
Dodging        | 2 3 4 5 6 7 8 9 |  9.4
Fighting       | 2 3 4 5 6 7 8 9 10 | 10.9
Transmutations | 3 4 5 6 7 8 9 10 11 12 13 | 13.7
Unarmed Combat | 4 5 6 7 9 10 11 12 14 | 14.7
Spellcasting   | 4 5 6 7 8 9 10 11 | 11.1
Invocations    | 2 5 7 8 10 11 12 13 | 13.7
Fire Magic     | 1 4 6 7 8 9 |  9.2
Poison Magic   | 3 4 5 6 |  6.4

Action                   |  1- 3 |  4- 6 |  7- 9 | 10-12 | 13-15 | 16-18 || total
-------------------------+-------+-------+-------+-------+-------+-------++-------
Melee: Unarmed           |   165 |   124 |   450 |   620 |   854 |   502 ||  2715
       Tailslap          |    13 |     7 |    30 |    59 |   108 |    53 ||   270
       Kick              |     8 |    12 |     2 |       |       |       ||    22
       Headbutt          |     3 |     7 |       |       |       |       ||    10
       Punch             |     1 |     3 |     8 |    20 |    40 |    26 ||    98
Throw: Dart              |       |     3 |    10 |     7 |     5 |       ||    25
 Cast: Beastly Appendage |    17 |     5 |     1 |       |       |       ||    23
       Spider Form       |       |       |    17 |     8 |       |       ||    25
       Blade Hands       |       |       |     2 |    53 |   110 |    53 ||   218
       Wereblood         |       |       |     5 |     2 |     8 |     7 ||    22
       Mephitic Cloud    |       |       |       |       |    11 |     2 ||    13
       Ignite Poison     |       |       |       |       |     4 |     2 ||     6
       Ice Form          |       |       |       |       |     2 |       ||     2
Invok: Wall of Briars    |       |       |     1 |     2 |     6 |     1 ||    10
       Grow Ballistomyce |       |       |       |     4 |     3 |     1 ||     8
       Grow Oklob        |       |       |       |     3 |     1 |     1 ||     5
 Abil: Breathe Dispellin |       |       |     1 |     2 |     1 |     2 ||     6
       End Transformatio |       |       |       |     1 |     3 |       ||     4
       Evoke Flight      |       |       |       |       |     1 |       ||     1
Evoke: Wand              |       |     1 |     8 |     8 |     5 |     6 ||    28
       Lightning rod     |       |       |       |       |       |     4 ||     4
       Box of beasts     |       |       |       |       |       |     1 ||     1
  Use: Scroll            |       |       |       |    15 |    24 |     4 ||    43
       Potion            |       |       |       |       |     6 |     4 ||    10
 Stab: Sleeping          |       |     1 |       |     1 |       |       ||     2
       Paralysed         |       |       |     2 |       |       |       ||     2
       Confused          |       |       |       |     1 |     3 |     1 ||     5
       Distracted        |       |       |       |     1 |       |       ||     1
Armor: Skin              |    48 |    34 |   136 |   217 |   252 |   104 ||   791
Dodge: Dodged            |    83 |    78 |   407 |   496 |   615 |   343 ||  2022

Table legend: (Time is in decaauts)
 A = Elapsed time spent in this place.
 B = Non-inter-level travel time spent in this place.
 C = Inter-level travel time spent in this place.
 D = Time resting spent in this place.
 E = Time spent auto-exploring this place.
 F = Levels seen in this place.
 G = Mean time per level.
                   A        B        C        D        E       F      G
               +--------+--------+--------+--------+--------+-----+--------+
         Total |  33984 |  31808 |   2176 |   6330 |  18335 |  30 | 1132.8 |
       Dungeon |  19083 |  17627 |   1456 |   3577 |  10041 |  15 | 1272.2 |
        Temple |    292 |    260 |     32 |      0 |    258 |   1 |  292.0 |
          Lair |   8355 |   7857 |    498 |   1466 |   4909 |   6 | 1392.5 |
         Swamp |      4 |      4 |      0 |      0 |      0 |   1 |    4.0 |
     Snake Pit |   2017 |   2004 |     13 |    487 |   1110 |   2 | 1008.5 |
  Orcish Mines |   2540 |   2364 |    176 |    501 |   1294 |   2 | 1270.0 |
   Elven Halls |      6 |      6 |      0 |      0 |      0 |   1 |    6.0 |
        Bailey |   1142 |   1142 |      0 |    201 |    471 |   1 | 1142.0 |
      Gauntlet |    540 |    540 |      0 |     96 |    252 |   1 |  540.0 |
               +--------+--------+--------+--------+--------+-----+--------+

Top non-repeatable levels by time:
    D:13: 2618 daAuts
    D:14: 2421 daAuts
   Orc:2: 1986 daAuts
 Snake:1: 1916 daAuts
  Lair:6: 1733 daAuts
  Lair:5: 1571 daAuts
     D:9: 1534 daAuts
    D:11: 1385 daAuts
  Lair:3: 1384 daAuts
     D:8: 1363 daAuts
     D:1: 1359 daAuts
  Lair:2: 1355 daAuts
  Lair:4: 1351 daAuts
     D:5: 1300 daAuts
    D:10: 1219 daAuts
